[ AOE2 MATCH · #507258741 ]
UnrankedBulgarians vs Ethiopians
Rival team · LOSS
[ REPLAY ANALYSIS · EXTRACTED FROM THE RECORDED GAME ]
Feudal
9:20
Castle
26:03
Imperial
—
| APM avg | 44.5 |
| APM peak | 99 |
| eAPM avg | 22.9 |
| Villagers / military | 119 / 110 |
Focus
⚔️ 35.2% · 🌾 64.8%
Knight ×57 · Skirmisher ×26 · Militia ×20 · Archer ×7
Feudal
11:26
Castle
30:30
Imperial
—
| APM avg | 33.3 |
| APM peak | 58 |
| eAPM avg | 18.2 |
| Villagers / military | 47 / 76 |
Focus
⚔️ 35.4% · 🌾 64.6%
Archer ×46 · Skirmisher ×20 · Spearman ×9 · Militia ×1
Match map
Initial resources + every placement click. Lines = walls · curves = elevation contours. ◆ gold · ⬟ stone · ● berries · ✦ relic · ◌ wall gap
Your base· ✓ Closed at 26:03 · 23t walls · 2 gate(s)
Sloogma's base· Open — 5t gap
Smoothed initial terrain · ◌ = detected wall gap · hover for details
Inputs per minute
— LMG_SON SABANDIJAS - - Sloogma
Build order — LMG_SON SABANDIJAS
First 150 of 319 actions detected
| 0:01 | Queue | Villager (Male) |
| 0:01 | Queue | Villager (Male) |
| 0:02 | Build | House |
| 0:04 | Build | House |
| 0:13 | Queue | Villager (Male) |
| 0:13 | Queue | Villager (Male) |
| 1:41 | Queue | Villager (Male) |
| 1:42 | Queue | Villager (Male) |
| 1:42 | Queue | Villager (Male) |
| 2:15 | Build | Lumber Camp |
| 2:25 | Queue | Villager (Male) |
| 2:25 | Queue | Villager (Male) |
| 2:39 | Queue | Villager (Male) |
| 2:39 | Queue | Villager (Male) |
| 2:40 | Queue | Villager (Male) |
| 3:12 | Queue | Villager (Male) |
| 3:13 | Queue | Villager (Male) |
| 3:13 | Queue | Villager (Male) |
| 3:36 | Build | House |
| 3:40 | Queue | Villager (Male) |
| 3:40 | Queue | Villager (Male) |
| 3:40 | Queue | Villager (Male) |
| 4:02 | Queue | Villager (Male) |
| 4:29 | Queue | Villager (Male) |
| 4:30 | Queue | Villager (Male) |
| 5:05 | Queue | Villager (Male) |
| 5:05 | Queue | Villager (Male) |
| 5:06 | Queue | Villager (Male) |
| 5:06 | Queue | Villager (Male) |
| 5:12 | Build | Mill |
| 5:23 | Queue | Villager (Male) |
| 5:24 | Queue | Villager (Male) |
| 6:11 | Research | Loom |
| 7:07 | Research | Feudal Age |
| 7:13 | Build | Barracks |
| 7:40 | Build | House |
| 7:55 | Queue | Villager (Male) |
| 7:55 | Queue | Villager (Male) |
| 8:20 | Queue | Militia |
| 8:20 | Queue | Militia |
| 8:20 | Queue | Militia |
| 8:27 | Queue | Militia |
| 8:27 | Queue | Militia |
| 8:28 | Queue | Militia |
| 8:49 | Build | Mining Camp |
| 8:50 | Queue | Villager (Male) |
| 8:50 | Queue | Villager (Male) |
| 8:50 | Queue | Villager (Male) |
| 9:20 | Age | Feudal Age |
| 9:25 | Queue | Villager (Male) |
| 9:25 | Queue | Villager (Male) |
| 9:30 | Research | Double-Bit Axe |
| 9:40 | Queue | Militia |
| 9:41 | Queue | Militia |
| 9:41 | Queue | Militia |
| 9:49 | Queue | Villager (Male) |
| 9:50 | Queue | Villager (Male) |
| 9:50 | Queue | Villager (Male) |
| 9:57 | Build | Archery Range |
| 9:59 | Build | House |
| 10:09 | Queue | Villager (Male) |
| 10:09 | Queue | Villager (Male) |
| 10:26 | Build | Mill |
| 10:36 | Queue | Villager (Male) |
| 10:36 | Queue | Villager (Male) |
| 10:36 | Queue | Villager (Male) |
| 10:55 | Queue | Villager (Male) |
| 11:22 | Queue | Militia |
| 11:22 | Queue | Militia |
| 11:22 | Queue | Militia |
| 11:29 | Queue | Villager (Male) |
| 11:30 | Queue | Villager (Male) |
| 11:30 | Queue | Villager (Male) |
| 11:30 | Queue | Villager (Male) |
| 11:52 | Queue | Villager (Male) |
| 11:53 | Queue | Villager (Male) |
| 11:53 | Queue | Villager (Male) |
| 11:54 | Queue | Villager (Male) |
| 12:02 | Queue | Skirmisher |
| 12:02 | Queue | Skirmisher |
| 12:03 | Queue | Skirmisher |
| 12:03 | Queue | Skirmisher |
| 12:27 | Build | House |
| 12:28 | Build | House |
| 12:37 | Queue | Villager (Male) |
| 12:38 | Queue | Villager (Male) |
| 12:38 | Queue | Villager (Male) |
| 12:49 | Research | Horse Collar |
| 12:49 | Research | Horse Collar |
| 12:51 | Queue | Villager (Male) |
| 12:51 | Queue | Villager (Male) |
| 12:51 | Queue | Villager (Male) |
| 12:58 | Queue | Archer |
| 13:04 | Build | House |
| 13:37 | Queue | Skirmisher |
| 13:37 | Queue | Skirmisher |
| 13:37 | Queue | Skirmisher |
| 13:44 | Queue | Villager (Male) |
| 13:46 | Build | Farm |
| 13:46 | Build | Farm |
| 13:47 | Build | Farm |
| 13:47 | Build | Farm |
| 13:54 | Build | House |
| 14:00 | Build | Lumber Camp |
| 14:10 | Queue | Skirmisher |
| 14:21 | Queue | Militia |
| 14:21 | Queue | Militia |
| 14:22 | Queue | Militia |
| 14:34 | Build | Farm |
| 14:34 | Build | Farm |
| 14:45 | Build | House |
| 14:46 | Queue | Villager (Male) |
| 14:47 | Queue | Villager (Male) |
| 14:47 | Queue | Villager (Male) |
| 14:56 | Build | Farm |
| 15:20 | Queue | Skirmisher |
| 15:23 | Queue | Militia |
| 15:27 | Build | Farm |
| 15:48 | Queue | Skirmisher |
| 15:56 | Build | Blacksmith |
| 15:58 | Queue | Villager (Male) |
| 15:58 | Queue | Villager (Male) |
| 15:58 | Queue | Villager (Male) |
| 16:14 | Queue | Skirmisher |
| 16:15 | Queue | Skirmisher |
| 16:22 | Queue | Skirmisher |
| 16:25 | Build | Archery Range |
| 16:34 | Queue | Villager (Male) |
| 16:35 | Build | Farm |
| 16:35 | Build | Farm |
| 16:35 | Build | Farm |
| 16:45 | Research | Fletching |
| 16:46 | Queue | Villager (Male) |
| 16:46 | Queue | Villager (Male) |
| 16:47 | Queue | Villager (Male) |
| 17:12 | Queue | Skirmisher |
| 17:12 | Queue | Skirmisher |
| 17:21 | Queue | Skirmisher |
| 17:22 | Queue | Skirmisher |
| 17:25 | Build | Farm |
| 17:26 | Queue | Villager (Male) |
| 17:32 | Queue | Archer |
| 17:32 | Queue | Archer |
| 17:33 | Queue | Archer |
| 17:40 | Queue | Villager (Male) |
| 17:41 | Queue | Villager (Male) |
| 17:44 | Build | House |
| 17:51 | Build | House |
| 17:53 | Build | Palisade Wall |
| 17:57 | Build | Palisade Gate |
Build order — Sloogma
First 150 of 187 actions detected
| 0:01 | Queue | Villager (Male) |
| 0:01 | Queue | Villager (Male) |
| 0:01 | Queue | Villager (Male) |
| 0:03 | Build | House |
| 0:04 | Build | House |
| 0:05 | Queue | Villager (Male) |
| 0:05 | Queue | Villager (Male) |
| 1:28 | Queue | Villager (Male) |
| 1:29 | Queue | Villager (Male) |
| 1:44 | Build | Lumber Camp |
| 2:09 | Queue | Villager (Male) |
| 2:10 | Queue | Villager (Male) |
| 2:29 | Queue | Villager (Male) |
| 2:55 | Queue | Villager (Male) |
| 2:56 | Queue | Villager (Male) |
| 3:43 | Queue | Villager (Male) |
| 3:58 | Build | House |
| 4:05 | Queue | Villager (Male) |
| 4:15 | Queue | Villager (Male) |
| 5:07 | Queue | Villager (Male) |
| 5:07 | Queue | Villager (Male) |
| 5:15 | Build | Mill |
| 5:34 | Queue | Villager (Male) |
| 5:51 | Build | Barracks |
| 5:53 | Build | House |
| 6:04 | Build | Barracks |
| 6:11 | Research | Loom |
| 6:29 | Queue | Villager (Male) |
| 6:49 | Queue | Villager (Male) |
| 6:49 | Queue | Villager (Male) |
| 6:56 | Build | Mining Camp |
| 7:54 | Queue | Villager (Male) |
| 8:22 | Queue | Villager (Male) |
| 8:51 | Queue | Villager (Male) |
| 9:06 | Queue | Militia |
| 9:12 | Build | House |
| 9:13 | Research | Feudal Age |
| 9:38 | Build | House |
| 9:46 | Build | Palisade Wall |
| 9:46 | Build | Palisade Wall |
| 9:48 | Build | Palisade Wall |
| 9:49 | Build | Palisade Wall |
| 11:26 | Age | Feudal Age |
| 11:28 | Build | Archery Range |
| 11:33 | Build | Archery Range |
| 11:37 | Build | Blacksmith |
| 11:42 | Build | House |
| 12:21 | Queue | Archer |
| 12:21 | Queue | Archer |
| 12:29 | Queue | Archer |
| 12:29 | Queue | Archer |
| 12:39 | Build | Farm |
| 12:54 | Queue | Villager (Male) |
| 12:54 | Queue | Villager (Male) |
| 12:55 | Queue | Villager (Male) |
| 13:02 | Queue | Archer |
| 13:40 | Queue | Villager (Male) |
| 13:40 | Queue | Villager (Male) |
| 13:57 | Queue | Archer |
| 13:58 | Queue | Archer |
| 14:00 | Research | Fletching |
| 14:05 | Build | Farm |
| 14:09 | Build | Farm |
| 14:25 | Queue | Archer |
| 14:25 | Queue | Archer |
| 14:29 | Queue | Villager (Male) |
| 14:29 | Queue | Villager (Male) |
| 14:43 | Build | House |
| 14:52 | Research | Wheelbarrow |
| 14:56 | Build | House |
| 16:25 | Queue | Villager (Male) |
| 16:25 | Queue | Villager (Male) |
| 16:25 | Queue | Villager (Male) |
| 16:25 | Queue | Villager (Male) |
| 16:33 | Build | Lumber Camp |
| 16:38 | Build | Farm |
| 16:38 | Build | Farm |
| 16:38 | Build | Farm |
| 16:39 | Build | Farm |
| 16:50 | Research | Padded Archer Armor |
| 17:16 | Build | Farm |
| 17:28 | Queue | Archer |
| 17:29 | Queue | Archer |
| 17:29 | Queue | Skirmisher |
| 17:30 | Queue | Skirmisher |
| 17:36 | Queue | Skirmisher |
| 17:37 | Queue | Skirmisher |
| 17:40 | Research | Double-Bit Axe |
| 17:42 | Research | Horse Collar |
| 18:07 | Queue | Villager (Male) |
| 18:07 | Queue | Villager (Male) |
| 18:11 | Build | Farm |
| 18:11 | Build | Farm |
| 18:16 | Build | Farm |
| 18:24 | Build | House |
| 18:24 | Build | House |
| 18:24 | Build | House |
| 18:31 | Queue | Archer |
| 18:31 | Queue | Archer |
| 19:08 | Queue | Skirmisher |
| 19:13 | Build | House |
| 19:14 | Build | House |
| 20:19 | Queue | Skirmisher |
| 20:19 | Queue | Skirmisher |
| 20:37 | Queue | Archer |
| 20:37 | Queue | Archer |
| 20:37 | Queue | Archer |
| 20:49 | Queue | Archer |
| 20:49 | Queue | Archer |
| 20:49 | Queue | Archer |
| 20:57 | Build | Farm |
| 20:57 | Build | Farm |
| 20:58 | Build | Farm |
| 20:58 | Build | Farm |
| 20:58 | Build | Farm |
| 20:58 | Build | Farm |
| 21:48 | Queue | Skirmisher |
| 21:49 | Queue | Skirmisher |
| 22:37 | Queue | Archer |
| 22:37 | Queue | Archer |
| 23:05 | Queue | Villager (Male) |
| 23:05 | Queue | Villager (Male) |
| 23:05 | Queue | Villager (Male) |
| 23:05 | Queue | Villager (Male) |
| 23:06 | Queue | Villager (Male) |
| 23:35 | Queue | Archer |
| 23:35 | Queue | Archer |
| 23:55 | Queue | Villager (Male) |
| 24:00 | Queue | Archer |
| 24:00 | Queue | Archer |
| 24:18 | Queue | Skirmisher |
| 24:19 | Queue | Skirmisher |
| 24:29 | Build | House |
| 24:38 | Build | Palisade Wall |
| 24:39 | Build | Palisade Wall |
| 25:06 | Build | Farm |
| 25:06 | Build | Farm |
| 25:07 | Build | Farm |
| 25:28 | Queue | Villager (Male) |
| 25:28 | Queue | Villager (Male) |
| 25:34 | Build | House |
| 25:39 | Build | Palisade Wall |
| 25:45 | Build | Farm |
| 25:46 | Build | Farm |
| 25:50 | Build | Farm |
| 26:28 | Queue | Villager (Male) |
| 26:49 | Build | Market |
| 27:00 | Build | Farm |
| 27:09 | Build | Farm |
| 27:12 | Queue | Villager (Male) |
Match timeline
| 5:51 | Sloogma · first_building Barracks |
| 7:13 | LMG_SON SABANDIJAS · first_building Barracks |
| 9:20 | LMG_SON SABANDIJAS · age_up feudal |
| 9:46 | Sloogma · wall_segment Palisade Wall x1 |
| 9:46 | Sloogma · wall_segment Palisade Wall x1 |
| 9:48 | Sloogma · wall_segment Palisade Wall x1 |
| 9:49 | Sloogma · wall_segment Palisade Wall x1 |
| 9:57 | LMG_SON SABANDIJAS · first_building Archery Range |
| 11:26 | Sloogma · age_up feudal |
| 11:28 | Sloogma · first_building Archery Range |
| 17:53 | LMG_SON SABANDIJAS · wall_segment Palisade Wall x5 |
| 18:37 | LMG_SON SABANDIJAS · wall_segment Palisade Wall x4 |
| 23:21 | LMG_SON SABANDIJAS · first_building Stable |
| 24:38 | Sloogma · wall_segment Palisade Wall x7 |
| 24:39 | Sloogma · wall_segment Palisade Wall x1 |
| 25:30 | LMG_SON SABANDIJAS · wall_segment Palisade Wall x14 |
| 25:39 | Sloogma · wall_segment Palisade Wall x1 |
| 26:03 | LMG_SON SABANDIJAS · age_up castle |
| 30:30 | Sloogma · age_up castle |
| 32:21 | Sloogma · resign |
[ AI ANALYSIS · 1 CREDIT ]
What really happened in this match?
Wolo.gg analyzes every decision: build order, eco, micro, common mistakes by bracket. Personalized analysis on WhatsApp or Discord in 30 seconds.
Civ guide
Bulgarians
Perfil
Jugador #12010648